cohdb
Replays
Latest Replays
All Replays
Popular Replays
Top Player Replays
Match Explorer
How It Works
Community
CoH3 Stats
Reddit
Sign in to upload your games and track your stats! →
Sign in with Steam
Match 42339297
Unlisted
Match 42339297
Overview
Messages
Build Orders
End
Pioneer Squad
Construct Infanterie Kompanie
Selects Terror Battlegroup
Selects Machine Gun Camouflage
MG 42 Machine Gun Team
MG 42 Machine Gun Team
Grenadier Squad
Grenadier Squad
Construct Luftwaffe Kompanie
Selects Interrogate
Jäger Squad
Support Elements
Wirbelwind Flakpanzer
Medical Bunker
Luftwaffe Officer Quarters
MG 42 Machine Gun Team
Selects Defend the Fatherland
Wirbelwind Flakpanzer
Pioneer Squad
Ober
BIOHAZARD
0
0
Comments
sign in to comment!
No comments posted yet!